 Dungeon Crawl Stone Soup version 0.31.0-9-g3a7656b989 (webtiles) character file.

Game seed: 7783448470353763694

160 qw the Skirmisher (level 5, -3/29 HPs)
             Began as a Deep Elf Hunter on Feb 2, 2024.
             Slain by a water moccasin (5 damage)
             ... on level 4 of the Dungeon.
             The game lasted 00:01:01 (2662 turns).

qw the Skirmisher (Deep Elf Hunter)                 Turns: 2662, Time: 00:01:02

Health: -3/29      AC:  5    Str: 10    XL:     5   Next: 17%
Magic:  7/7        EV: 11    Int: 14    God:
Gold:   160        SH:  0    Dex: 18    Spells: 4/4 levels left

rFire   . . .        a - +0 shortbow
rCold   . . .        (shield currently unavailable)
rNeg    . . .        h - +0 ring mail
rPois   .            (no helmet)
rElec   .            (no cloak)
rCorr   .            (no gloves)
SInv    .            (no boots)
Will    .....        (no amulet)
Stlth   +            (no ring)
HPRegen 0.24/turn    (no ring)
MPRegen 0.10/turn

%: no passive effects
@: lethally poisoned (-3 -> -29)
A: no striking features
a: no special abilities


You were on level 4 of the Dungeon.
You visited 1 branch of the dungeon, and saw 4 of its levels.

You collected 160 gold pieces.


   Skills:
 - Level 1.5 Fighting
 + Level 8.6 Ranged Weapons
 - Level 2.4 Dodging
 - Level 1.2 Stealth


You had 4 spell levels left.
You didn't know any spells.
Your spell library was empty.

Inventory:

Hand Weapons
 a - a +0 shortbow (weapon)
Armour
 h - a +0 ring mail (worn)
Potions
 b - a potion of resistance
 c - a potion of brilliance {unknown}
 e - 2 potions of curing
 i - a potion of might

Dungeon Overview and Level Annotations

Branches:
Dungeon (4/15)
 Temple: D:4-7

Altars:
Ashenzari
Vehumet

Shops:
D:3 *


Message History

The arrow barely misses the water moccasin.
You feel sick.
The water moccasin bites you but does no damage.
2656 ||| DRINKING 2 potions of heal wounds.
You feel much better.
You feel sick. The water moccasin barely misses you.
You shoot an arrow.
The arrow closely misses the water moccasin.
You feel sick. The water moccasin bites you.
You are more poisoned.
The water moccasin poisons you! The water moccasin barely misses you.
You shoot an arrow.
The arrow closely misses the water moccasin.
You feel very sick. The water moccasin bites you.
You are lethally poisoned!
The water moccasin poisons you! The water moccasin bites you.
You are more poisoned.
The water moccasin poisons you!
You shoot an arrow. The arrow hits the water moccasin.
The water moccasin is severely wounded.
You feel extremely sick. The water moccasin closely misses you.
2660 ||| DRINKING potion of heal wounds.
You feel much better.
You feel extremely sick.
The water moccasin completely misses you.
The water moccasin bites you.
You shoot an arrow. The arrow hits the water moccasin.
The water moccasin is severely wounded.
You feel very sick. The water moccasin bites you.
You are more poisoned.
The water moccasin poisons you!
You shoot an arrow. The arrow hits the water moccasin.
The water moccasin is almost dead.
You feel extremely sick.
The water moccasin completely misses you.
The water moccasin bites you.
You die...

..# #..# ###
#..# .... ...#
..... #..#
#...###.^#####
##...S@........
.........>..###
####..###...#
#........#
#.####..##
##.####..######
...............
#######.#######
#.#


You could see a water moccasin.

Vanquished Creatures
  A hound (D:3)
  Natasha (twice) (D:3)
  4 adders
  A dart slug (D:1)
  An orc (D:3)
  6 endoplasms
  2 giant cockroaches
  3 hobgoblins
  3 quokkas
  4 ball pythons (D:1)
  2 bats
  A frilled lizard (D:1)
  6 goblins
  4 kobolds
  3 rats
43 creatures vanquished.

Notes
Turn   | Place    | Note
-------+----------+-------------------------------------------
     0 | D:1      | qw the Deep Elf Hunter began the quest for the Orb.
     0 | D:1      | Reached XP level 1. HP: 12/12 MP: 3/3
     0 | D:1      | 0 ||| qw: Version: 0.3-a-155-g5e7d8dd
     0 | D:1      | 0 ||| qw: Game counter: 2851
     0 | D:1      | 0 ||| qw: Melee chars always use a shield: true
     0 | D:1      | 0 ||| qw: God list: Okawaru
     0 | D:1      | 0 ||| qw: Allow faded altars: false
     0 | D:1      | 0 ||| qw: Do Orc after clearing Dungeon:15 true
     0 | D:1      | 0 ||| qw: Do second Lair branch before Depths: true
     0 | D:1      | 0 ||| qw: Lair rune preference: random
     0 | D:1      | 0 ||| qw: Goals: Normal
     0 | D:1      | 0 ||| PLANNING D:1-11
   213 | D:1      | Reached XP level 2. HP: 9/16 MP: 4/4
   246 | D:1      | Reached skill level 6 in Ranged Weapons
   794 | D:1      | 794 ||| UPGRADING to +0 ring mail.
   804 | D:1      | 804 ||| DROPPING +0 leather armour.
   805 | D:1      | 805 ||| READING scroll labelled MEKHLIL SIXT.
   809 | D:1      | 809 ||| READING scroll labelled JESARR ROBUNE.
   910 | D:1      | 910 ||| READING scroll labelled LYTTEO LAIHAUNT.
   911 | D:1      | 911 ||| READING scroll labelled NOSTRO EGETWO.
   911 | D:1      | 911 ||| IDENTIFYING fizzy blue potion
   912 | D:1      | 912 ||| DRINKING 3 yellow potions.
   913 | D:1      | 913 ||| DROPPING scroll of butterflies.
   948 | D:2      | Reached XP level 3. HP: 11/20 MP: 5/5
  1024 | D:2      | Reached skill level 7 in Ranged Weapons
  1160 | D:2      | You fall into a shaft and drop 1 floor!
  1229 | D:3      | Found a radiant altar of Vehumet.
  1229 | D:3      | Noticed Natasha
  1237 | D:3      | Killed Natasha
  1238 | D:3      | Reached XP level 4. HP: 21/25 MP: 6/6
  1271 | D:3      | Found Qavuod's General Store.
  1275 | D:3      | 1275 ||| SHOPLISTING potion of might (56 gold, have 38).
  1312 | D:3      | 1312 ||| READING scroll of identify.
  1312 | D:3      | 1312 ||| IDENTIFYING brown potion
  1313 | D:3      | 1313 ||| READING scroll labelled NAUTWUI HAFF.
  1314 | D:3      | 1314 ||| READING scroll labelled ZOAFUJ RIURCH.
  1649 | D:2      | HP: 6/25 [poisoned by an adder]
  1834 | D:2      | 1834 ||| READING scroll of identify.
  1834 | D:2      | 1834 ||| IDENTIFYING coppery potion
  1835 | D:2      | 1835 ||| READING scroll labelled JYIVIECIU.
  1836 | D:2      | 1836 ||| READING scroll labelled TAZXUKHITON.
  1837 | D:2      | 1837 ||| DRINKING 2 lumpy coppery potions.
  1838 | D:2      | 1838 ||| DROPPING potion of invisibility.
  1840 | D:2      | 1840 ||| Stepping ~*~*~tactically~*~*~ (cloud).
  2007 | D:3      | Found a broken altar of Ashenzari.
  2081 | D:3      | Identified the +2 dagger of the Lumpy Tales {chaos,
                  | *Corrode Will+ Int+8 Dex+2}
  2214 | D:3      | Reached skill level 8 in Ranged Weapons
  2516 | D:3      | Noticed Natasha
  2522 | D:3      | 2522 ||| RETREEEEATING.
  2523 | D:3      | 2523 ||| RETREEEEATING.
  2524 | D:3      | 2524 ||| RETREEEEATING.
  2525 | D:3      | 2525 ||| RETREEEEATING.
  2526 | D:3      | 2526 ||| RETREEEEATING.
  2527 | D:3      | 2527 ||| RETREEEEATING.
  2542 | D:3      | Killed Natasha
  2543 | D:3      | Reached XP level 5. HP: 20/29 MP: 7/7
  2643 | D:4      | Noticed a water moccasin
  2650 | D:4      | HP: 4/29 [poisoned by a water moccasin]
  2651 | D:4      | 2651 ||| DRINKING 3 potions of heal wounds.
  2655 | D:4      | HP: 7/29 [poisoned by a water moccasin]
  2656 | D:4      | 2656 ||| DRINKING 2 potions of heal wounds.
  2659 | D:4      | HP: 1/29 [poisoned by a water moccasin]
  2660 | D:4      | 2660 ||| DRINKING potion of heal wounds.
  2662 | D:4      | Slain by a water moccasin

Levels and vault maps discovered:
D:1:      dpeg_cavernosity, layout_basic
D:2:      layout_loops_ring
D:3:      layout_basic, nicolae_ashenzari_panopticon,
          nicolae_vehumet_altar_sigil, serial_shops, shop, st_stairs_6,
          uniq_natasha
D:4:      dreamdust_elfheim, layout_basic, mainiacjoe_overflow_tiny_flanked,
          demons_altar, minmay_temple_entry_drinking_statues, serial_shops, shop

Skill      XL: |  1  2  3  4 |
---------------+-------------+-----
Ranged Weapons | 6 7 8 |  8.6
Fighting       | |  1.5
Dodging        | |  2.4
Stealth        | |  1.2

Action                     |  1- 3 |  4- 6 || total
---------------------------+-------+-------++-------
   Fire: Shortbow          |    93 |    77 ||   170
    Use: Scroll            |     4 |     6 ||    10
         Potion            |     1 |     4 ||     5
 Armour: Leather armour    |     7 |       ||     7
         Ring mail         |    28 |    45 ||    73
  Dodge: Dodged            |    23 |    36 ||    59

Table legend:
 A = Non-vault XP
 B = Vault XP
 C = Vault XP percentage of total XP
 D = Non-vault monster count
 E = Vault monster count
 F = Vault count percentage of total count
                 A         B        C        D         E       F
            +---------+---------+-------+---------+---------+-------
      Total |     131 |      98 |  42.8 |      35 |       8 |  18.6
            +---------+---------+-------+---------+---------+-------
        D:1 |      31 |       7 |  18.4 |      18 |       4 |  18.2
        D:2 |      49 |       0 |   0.0 |       8 |       0 |   0.0
        D:3 |      47 |      91 |  65.9 |       7 |       4 |  36.4
        D:4 |       4 |       0 |   0.0 |       2 |       0 |   0.0
            +---------+---------+-------+---------+---------+-------
